 Dungeon Crawl Stone Soup version 0.30.0-16-gbe6223bb7e (webtiles) character file.

Game seed: 1800822023332723871

189 NateTC the Trooper (level 6, -1/51 HPs)
             Began as a Formicid Fighter on May 20, 2023.
             Slain by an orc warrior
             ... wielding a +0 battleaxe
              (6 damage)
             ... on level 4 of the Dungeon.
             The game lasted 00:04:13 (3240 turns).

NateTC the Trooper (Formicid Fighter)               Turns: 3240, Time: 00:04:14

Health: -1/51      AC: 11    Str: 22    XL:     6   Next: 0%
Magic:  6/6        EV:  6    Int:  8    God:
Gold:   197        SH:  5    Dex: 13    Spells: 5/5 levels left

rFire   . . .        a - +0 trident (freeze)
rCold   . . .        c - +0 buckler
rNeg    . . .        f - +0 plate armour
rPois   .            (helmet unavailable)
rElec   .            (no cloak)
rCorr   .            (no gloves)
SInv    +            (no boots)
Will    .....        (no amulet) Stlth
                     (no ring)
HPRegen 0.28/turn    (no ring)
MPRegen 0.10/turn

%: no passive effects
@: mighty
A: permanent stasis, dig shafts and tunnels, antennae 3, four strong arms
a: Dig, Shaft Self


You were on level 4 of the Dungeon.
You visited 1 branch of the dungeon, and saw 5 of its levels.

You collected 197 gold pieces.

Inventory:

Hand Weapons
 a - a +0 trident of freezing (weapon)
Armour
 c - a +0 buckler (worn)
 f - a +0 plate armour (worn)
Jewellery
 i - a ring of poison resistance
Potions
 b - a potion of heal wounds {unknown}
 d - 3 potions of might
 g - a potion of lignification {unknown}
 h - 2 potions of resistance {unknown}
 j - 2 potions of invisibility


   Skills:
 - Level 5.0 Fighting
 * Level 4.6 Polearms
 - Level 3.2 Armour
 - Level 4.0 Shields


You had 5 spell levels left.
You didn't know any spells.
Your spell library contained the following spells:

 Spells                   Type           Power      Damage    Failure   Level
 Ensorcelled Hibernation  Hex/Ice        0%         N/A       100%        2
 Passwall                 Tmut/Erth      0%         N/A       100%        2
 Swiftness                Air            Unusable   N/A       N/A         3

Dungeon Overview and Level Annotations

Branches:
Dungeon (5/15) Zot: 26720
 Temple: D:4-7

Altars:

Annotations:
D:5 Dowan


Innate Abilities, Weirdness & Mutations

You cannot be hasted, slowed, berserked, paralysed or teleported.
You can dig through walls and to a lower floor.
You have a pair of large antennae on your head. (SInv)
Your four strong arms can wield two-handed weapons with a shield.


Message History

You are too injured to fight recklessly!
You closely miss the orc warrior.
The orc warrior is heavily wounded.
The orc warrior hits you but does no damage.
You barely miss the orc warrior.
The orc warrior is heavily wounded.
The orc warrior hits you with a +0 battleaxe!
* * * LOW HITPOINT WARNING * * *
You barely miss the orc warrior.
The orc warrior is heavily wounded.
The orc warrior hits you with a +0 battleaxe.
* * * LOW HITPOINT WARNING * * *
The orc warrior attacks as you move away!
The orc warrior hits you but does no damage.
The orc warrior attacks as you move away!
The orc warrior hits you with a +0 battleaxe!
* * * LOW HITPOINT WARNING * * *
The orc warrior attacks as you move away!
You block the orc warrior's attack.
You aren't carrying any scrolls.
Unknown command.
You feel better. You block the orc warrior's attack.
You feel better.
The orc warrior hits you with a +0 battleaxe.
You barely miss the orc warrior.
The orc warrior is heavily wounded.
The orc warrior closely misses you.
You hit the orc warrior but do no damage.
The orc warrior is heavily wounded.
The orc warrior closely misses you.
You feel very mighty all of a sudden.
The orc warrior hits you with a +0 battleaxe!
* * * LOW HITPOINT WARNING * * *
You barely miss the orc warrior.
The orc warrior is heavily wounded.
The orc warrior hits you but does no damage.
You puncture the orc warrior! You freeze the orc warrior.
The orc warrior is almost dead.
The orc warrior hits you with a +0 battleaxe.
You die...

#.##########............
#.......................
#.##########.###########
#.# #.# #.#
#.########### #.#
#.#.......... #.######
#.#.#########
#.##...#####.#.#########
#..'...@o..>[#..........
####...####..##########.
#...##...............
#...##.#..##########.
#...##.#.............
####...##....##########'
#......##..........# #..
#......##..........# #..
#......##..........# #..


You could see an orc warrior.

Vanquished Creatures
  A hound (D:3)
  An orc wizard (D:4)
  Robin (D:2)
  5 adders
  4 dart slugs
  2 worms
  2 orcs
  8 ball pythons
  5 bats
  An endoplasm (D:1)
  2 giant cockroaches (D:1)
  4 hobgoblins
  6 kobolds
  4 quokkas
  3 frilled lizards
  14 goblins
  6 rats
69 creatures vanquished.

Notes
Turn   | Place    | Note
-------+----------+-------------------------------------------
     0 | D:1      | NateTC the Formicid Fighter began the quest for the Orb.
     0 | D:1      | Reached XP level 1. HP: 18/18 MP: 1/1
   102 | D:1      | Reached XP level 2. HP: 24/24 MP: 2/2
   616 | D:1      | Reached XP level 3. HP: 29/30 MP: 3/3
   755 | D:2      | Reached skill level 4 in Fighting
   926 | D:2      | Reached XP level 4. HP: 37/37 MP: 4/4
  1054 | D:2      | Noticed Robin
  1080 | D:2      | Killed Robin
  1152 | D:2      | Found a faded altar of an unknown god.
  1454 | D:2      | Reached XP level 5. HP: 43/43 MP: 5/5
  1905 | D:3      | Reached skill level 5 in Fighting
  3111 | D:5      | Entered Level 5 of the Dungeon
  3164 | D:5      | Noticed Dowan
  3169 | D:5      | Noticed an orc warrior
  3220 | D:5      | Reached XP level 6. HP: 51/51 MP: 6/6
  3232 | D:4      | HP: 2/51 [orc warrior/+0 battleaxe (8)]
  3240 | D:4      | Slain by an orc warrior

Illustrated notes

Levels and vault maps discovered:
D:1:      matt_arrival_diagonals, layout_basic
D:2:      layout_loops_ring, dreamdust_ecumenical_altar_grove,
          chequers_serial_rivers_small_b, uniq_robin
D:3:      layout_loops_ring
D:4:      layout_basic
D:5:      layout_loops_ring, grunt_temple_overflow_cloverleaf,
          minmay_fractal_squares_5, uniq_duvessa

Skill      XL: |  1  2  3  4  5 |
---------------+----------------+-----
Fighting       | 4 5 |  5.0
Polearms       | 3 4 |  4.6
Armour         | |  3.2
Shields        | |  4.0

Action                     |  1- 3 |  4- 6 || total
---------------------------+-------+-------++-------
  Melee: Trident           |    83 |   148 ||   231
    Use: Scroll            |     1 |     7 ||     8
         Potion            |       |     3 ||     3
 Armour: Scale mail        |    18 |       ||    18
         Plate armour      |    11 |    81 ||    92
  Dodge: Dodged            |    40 |    35 ||    75
  Block: Buckler           |    13 |    32 ||    45
